 Dungeon Crawl Stone Soup version 0.27-a0-279-gdfb9265905 (webtiles) character file.

Game seed: 1433405265963613209

109449 mandarbmax the Deadly Accurate (level 16, -14/181 (193) HPs)
             Began as a Merfolk Berserker on Feb 7, 2021.
             Was a High Priest of Trog.
             Demolished by a kraken (37 damage)
             ... on level 2 of the Shoals on Feb 8, 2021.
             The game lasted 01:18:29 (33709 turns).

mandarbmax the Deadly Accurate (Merfolk Berserker) Turns: 33709, Time: 01:18:30

HP:   -14/181 (193) AC: 23    Str: 21    XL:     16   Next: 52%
MP:   16/16         EV: 14    Int:  7    God:    Trog [*****.]
Gold: 814           SH: 12    Dex: 16    Spells: 15/15 levels left

rFire    + . .     SeeInvis +   N - +9 trident (flame)
rCold    + + .     Faith    .   O - +0 kite shield of the Depths {rF+}
rNeg     . . .     Spirit   .   w - +6 plate armour of the Echidna {rElec rC++}
rPois    +         Reflect  .   J - +2 hat {SInv}
rElec    +         Harm     .   s - scarf {+Inv}
rCorr    .         Rampage  .   u - +2 pair of gloves
Will     ++...                  (boots currently unavailable)
Stlth    ..........             y - amulet of the acrobat
HPRegen  0.40/turn              A - ring of willpower
MPRegen  0.15/turn              U - ring of poison resistance

@: berserking, drained, very quick
A: change form in water, swift swim, stealthy swim
a: Renounce Religion, Evoke Invisibility, Berserk, Trog's Hand, Brothers in Arms


You were on level 2 of the Shoals.
You worshipped Trog.
Trog was extremely pleased with you.
You visited 4 branches of the dungeon, and saw 25 of its levels.
You also visited: Sewer and Ossuary.

You collected 2811 gold pieces.
You spent 1997 gold pieces at shops.

Inventory:

Hand Weapons
 N - a +9 trident of flaming (weapon)
Missiles
 o - 6 throwing nets
 r - 84 poisoned darts
 v - 13 boomerangs (quivered)
 z - 5 javelins
 F - 6 atropa-tipped darts
 K - 3 silver javelins
 X - 4 boomerangs of dispersal
Armour
 s - a scarf of invisibility (worn)
 u - a +2 pair of gloves (worn)
 w - the +6 plate armour of the Echidna (worn) {rElec rC++}
   (You bought it in a shop on level 2 of the Orcish Mines)

   It greatly protects you from cold.
   It insulates you from electricity.
 D - the +0 pair of boots of Free Will (melded) {Int+3}
   (You bought it in a shop on level 6 of the Dungeon)

   It affects your intelligence (+3).
 J - a +2 hat of see invisible (worn)
 O - the +0 kite shield of the Depths (worn) {rF+}
   (You found it on level 3 of the Lair of Beasts)

   It protects you from fire.
 V - a +0 kite shield of reflection
Jewellery
 y - an amulet of the acrobat (around neck)
 A - a ring of willpower (left hand)
 Q - an uncursed ring of positive energy
 U - a ring of poison resistance (right hand)
Wands
 a - a wand of random effects (37)
 e - a wand of charming (19)
 C - a wand of polymorph (2)
 L - a wand of flame (28)
 R - a wand of digging (10)
 S - a wand of iceblast (3)
 T - a wand of mindburst (12)
Scrolls
 c - 4 scrolls of identify
 d - 2 scrolls of enchant weapon
 j - 3 scrolls of fear
 k - 7 scrolls of teleportation
 l - 5 scrolls of fog
 q - 2 scrolls of enchant armour
 t - 17 scrolls of remove curse
 x - 7 scrolls of magic mapping
 E - 5 scrolls of blinking
 W - 2 scrolls of holy word
Potions
 b - 11 potions of curing
 f - 2 potions of heal wounds
 g - 5 potions of haste
 h - 2 potions of magic
 i - 8 potions of flight
 m - 4 potions of mutation
 n - 3 potions of berserk rage
 p - 5 potions of might
 B - 2 potions of invisibility
 H - 2 potions of cancellation
 I - 2 potions of ambrosia
 M - a potion of resistance
Miscellaneous
 G - a lightning rod (4/4)
 P - a phial of floods


   Skills:
 + Level 12.9 Fighting
 + Level 14.3(17.9) Polearms
 - Level 11.6(12.7) Staves
 - Level 15.1 Throwing
 - Level 6.0 Armour
 - Level 12.0 Dodging
 - Level 9.0 Shields
 - Level 9.0 Evocations


You had 15 spell levels left.
You didn't know any spells.
Your spell library was empty.

Dungeon Overview and Level Annotations

Branches:
Dungeon (15/15)            Temple (0/1) D:6            Lair (6/6) D:10
 Shoals (2/4) Lair:3       Spider (0/4) Lair:3        Slime (0/5) Lair:6
    Orc (2/2) D:10            Elf (0/3) Orc:2        Vaults (0/5) D:14
 Depths (0/5) D:15          Sewer (visited)         Ossuary (visited)

Altars:
Cheibriados
Elyvilon
Fedhas
Okawaru
Qazlal
Trog
Yredelemnul
Beogh

Shops:
D:6 [[[:   D:10 (   Orc:2 [*![

Annotations:
D:9 exclusion: orange crystal statue


Message History

A tentacle segment bursts forth from the water. x3
The kraken bites you!!
* * * LOW HITPOINT WARNING * * *
The tentacle barely misses you. The tentacle slaps you.
* * * LOW HITPOINT WARNING * * *
You block the tentacle's attack.
You puncture the kraken! You burn the kraken.
The kraken is heavily wounded.
The tentacle misses you.
The kraken bites you but does no damage.
You block the tentacle's attack.
Unknown command.
You puncture the kraken! You burn the kraken.
The kraken is heavily wounded.
The tentacle slaps you.
* * * LOW HITPOINT WARNING * * *
The tentacle slaps you.
* * * LOW HITPOINT WARNING * * *
You block the tentacle's attack. The kraken bites you!!!
You die...

#≈≈≈≈≈≈≈≈..###.##.....
#.≈≈≈≈≈≈≈≈####.....##.
#.≈≈.#.≈≈≈.##.........
##.≈≈##.≈≈≈......≈≈†...
##.)≈≈..≈≈≈≈≈..^..)≈....
#......≈≈≈≈≈≈≈≈≈.#........
...###.≈≈≈≈≈≈≈≈≈≈.....≈...
. #..≈≈w≈≈≈≈≈≈≈≈.≈≈≈≈..
##.w@w≈≈≈≈≈≈≈≈.≈≈≈≈..
#.≈≈wX≈≈≈≈≈≈≈≈.≈≈≈≈≈≈
#.≈≈≈≈≈≈≈≈≈≈≈≈≈ ≈≈
...≈≈≈≈≈≈≈≈≈≈≈≈≈≈ ≈
≈≈≈≈≈≈≈≈≈≈≈≈≈≈≈≈ ≈
≈≈≈≈≈≈≈≈≈≈≈≈≈≈≈ ≈
≈≈≈≈≈≈≈≈≈≈≈≈≈≈≈ ≈
≈≈≈≈≈≈≈≈≈≈≈≈≈≈≈ ≈ ≈


You could see a kraken and 4 tentacles.

Vanquished Creatures
  Gastronok (D:10)
  An ironheart preserver (D:14)
  Josephine (D:9)
  10 hydras
  2 ice dragons (D:15)
  Erolcha (D:13)
  Erica (D:8)
  2 boulder beetles (D:13)
  2 death knights
  A catoblepas (Lair:4)
  3 centaur warriors
  4 two-headed ogres
  2 tengu warriors (D:14)
  5 orc high priests
  10 death yaks
  Nergalle (D:11)
  A skeletal warrior (D:15)
  2 sea snakes
  5 unseen horrors
  A swamp dragon (Lair:6)
  Pikel (D:8)
  3 orc knights
  An oklob plant (Lair:3)
  A wolf spider zombie (D:15)
  2 orc sorcerers (Orc:2)
  2 fauns
  9 harpies (Shoals:1)
  A necromancer (Lair:3)
  A wolf spider (Lair:3)
  2 cyclopes (D:14)
  3 ugly things
  3 merfolk sirens
  10 black mambas
  3 elephants (Lair:4)
  6 manticores
  Joseph (D:10)
  3 gargoyles
  A torpor snail (Lair:6)
  8 cane toads
  4 freezing wraiths
  Maggie (D:6)
  13 komodo dragons
  4 rime drakes
  7 merfolk
  2 jumping spiders (Lair:3)
  4 trolls
  A polar bear (Lair:5)
  5 wind drakes
  33 blink frogs
  Prince Ribbit (Lair:3)
  11 slime creatures (D:15)
  5 dream sheep (Lair:5)
  A spriggan (D:12)
  2 water elementals (Shoals:1)
  52 yaks
  2 vampires (D:12)
  2 shadows
  3 wyverns
  Eustachio (D:5)
  7 wraiths
  A basilisk (shapeshifter) (D:14)
  Grum (D:8)
  2 basilisks
  3 wargs
  4 acid dragons
  Edmund (D:5)
  3 soldier ants
  Duvessa (D:7)
  10 water moccasins
  24 orc warriors
  5 sky beasts
  4 swamp drakes (Lair:6)
  A hornet zombie (D:6)
  2 black bears
  5 ice beasts
  20 wolves
  15 centaurs
  13 ogres
  4 phantoms
  2 big kobolds
  21 bullfrogs
  Dowan (D:7)
  11 scorpions
  A water moccasin skeleton (D:4)
  9 wights
  27 killer bees
  7 electric eels
  9 howler monkeys
  8 centaur zombies
  4 quasits
  3 bullfrog zombies
  2 centaur skeletons
  4 hounds
  5 jellies
  27 orc priests
  3 bullfrog skeletons
  Jessica (D:2)
  4 iguanas
  30 orc wizards
  9 worker ants
  Natasha (twice) (D:2)
  3 polar bear simulacra (Lair:3)
  2 yak simulacra (Lair:3)
  5 wolf simulacra (Lair:3)
  2 hound zombies
  8 mummies (Ossuary)
  19 gnolls
  2 howler monkey skeletons
  13 adders
  3 shadow imps
  3 white imps
  4 ufetubi
  3 oozes
  4 adder skeletons
  2 worms
  5 dart slugs
  6 leopard geckos
  88 orcs
  7 bats
  3 giant cockroaches
  12 goblins
  13 hobgoblins
  9 jackals
  3 quokkas
  2 ball pythons (D:3)
  20 frilled lizards
  2 hobgoblin zombies (Ossuary)
  A jackal skeleton (D:6)
  11 kobolds
  5 kobold zombies (Ossuary)
  2 leopard gecko skeletons (D:5)
  An orc zombie (Ossuary)
  2 quokka zombies (D:6)
  15 rats
  A river rat simulacrum (Lair:3)
  A tentacle (Shoals:2)
869 creatures vanquished.

Vanquished Creatures (collateral kills)
  Donald (Shoals:2)
  A fire dragon (Lair:6)
  Crazy Yiuf (D:5)
3 creatures vanquished.

Vanquished Creatures (others)
  An adder (D:10)
  2 quokkas
  43 fungi
  69 plants
115 creatures vanquished.

Grand Total: 987 creatures vanquished

Notes
Turn   | Place    | Note
-------+----------+-------------------------------------------
     0 | D:1      | mandarbmax the Merfolk Berserker began the quest for the
                  | Orb.
     0 | D:1      | Reached XP level 1. HP: 18/18 MP: 1/1
    63 | D:1      | Reached XP level 2. HP: 19/24 MP: 2/2
   620 | D:1      | Reached XP level 3. HP: 28/30 MP: 3/3
   647 | D:1      | Reached skill level 5 in Polearms
   995 | D:2      | Noticed Natasha
  1013 | D:2      | Killed Natasha
  1014 | D:2      | Reached XP level 4. HP: 37/37 MP: 4/4
  1015 | D:2      | Reached ** piety under Trog
  1235 | D:2      | Noticed Jessica
  1239 | D:2      | Killed Jessica
  1394 | D:2      | Reached XP level 5. HP: 42/42 MP: 5/5
  1875 | D:2      | Noticed Natasha
  1888 | D:2      | Killed Natasha
  1966 | D:3      | Found a glowing drain.
  1975 | Sewer    | Entered a sewer
  2075 | Sewer    | Noticed a big kobold
  2094 | Sewer    | Killed a big kobold
  2095 | Sewer    | Reached XP level 6. HP: 48/48 MP: 6/6
  2111 | Sewer    | Found a glowing silver altar of Zin.
  2175 | D:3      | Reached *** piety under Trog
  2396 | D:3      | You fall into a shaft and drop 2 floors!
  2396 | D:5      | Entered Level 5 of the Dungeon
  2693 | D:4      | Reached skill level 10 in Polearms
  2693 | D:4      | Reached XP level 7. HP: 33/54 MP: 7/7
  2918 | D:4      | Reached **** piety under Trog
  3026 | D:3      | Found a blossoming altar of Fedhas.
  3048 | D:3      | Found a faded altar of an unknown god.
  3310 | D:4      | Found a bloodstained altar of Trog.
  3478 | D:5      | Found an iron altar of Okawaru.
  3478 | D:5      | Found a basalt altar of Yredelemnul.
  3478 | D:5      | Noticed Eustachio
  3526 | D:5      | Noticed Edmund
  3534 | D:5      | Killed Edmund
  3535 | D:5      | Reached skill level 1 in Throwing
  3643 | D:5      | Reached skill level 1 in Staves
  3649 | D:5      | Reached skill level 2 in Throwing
  3649 | D:5      | Reached XP level 8. HP: 60/60 MP: 8/8
  3994 | D:5      | Killed Eustachio
  4439 | D:5      | Found a runed translucent door.
  4440 | D:5      | Noticed Crazy Yiuf
  4462 | D:5      | Paralysed by Crazy Yiuf for 5 turns
  4475 | D:5      | Killed Crazy Yiuf
  4911 | D:6      | Reached skill level 3 in Throwing
  4911 | D:6      | Reached skill level 5 in Dodging
  4913 | D:6      | Found a sand-covered staircase.
  4933 | Ossuary  | Entered an ossuary
  5451 | D:6      | Reached skill level 4 in Throwing
  5490 | D:6      | Found Dunueg's Armour Shop.
  5653 | D:6      | Noticed Maggie
  5672 | D:6      | Killed Maggie
  5673 | D:6      | Reached XP level 9. HP: 65/65 MP: 9/9
  5764 | D:6      | Found Nelompuz's Armour Emporium.
  5769 | D:6      | Bought the +0 pair of boots of Free Will {Int+3} for 267
                  | gold pieces
  5769 | D:6      | Bought a +0 kite shield for 67 gold pieces
  5862 | D:6      | Found Joutaikk's Book Emporium.
  5917 | D:6      | Found a staircase to the Ecumenical Temple.
  5992 | D:6      | Found Ceiguh's Armour Shop.
  6020 | D:6      | Reached skill level 5 in Throwing
  6321 | D:7      | Noticed Duvessa
  6321 | D:7      | Noticed Dowan
  6380 | D:7      | Killed Duvessa
  6385 | D:7      | Killed Dowan
  6679 | D:7      | Reached ***** piety under Trog
  6973 | D:7      | Reached skill level 5 in Staves
  6973 | D:7      | Reached skill level 6 in Throwing
  6994 | D:7      | Received a gift from Trog
  7220 | D:7      | Reached XP level 10. HP: 71/71 MP: 10/10
  7709 | D:8      | Noticed Erica
  7712 | D:8      | Noticed Grum
  7813 | D:8      | Found a bloodstained altar of Trog.
  7834 | D:7      | Reached skill level 7 in Throwing
  7990 | D:8      | Reached skill level 1 in Shields
  8053 | D:8      | Reached skill level 10 in Dodging
  8535 | D:8      | Found a stormy altar of Qazlal.
  8658 | D:8      | Reached skill level 8 in Throwing
  9186 | D:8      | Killed Erica
  9203 | D:8      | Noticed Pikel
  9222 | D:8      | Killed Pikel
  9223 | D:8      | Reached skill level 9 in Throwing
  9223 | D:8      | Reached XP level 11. HP: 77/77 MP: 11/11
  9445 | D:8      | Killed Grum
 10080 | D:9      | Reached skill level 10 in Throwing
 10467 | D:9      | Noticed an orange crystal statue
 10469 | D:9      | Found the amulet of the Four Winds {rN+ Will+++ Clar}
 10919 | D:10     | Entered Level 10 of the Dungeon
 10919 | D:10     | Found Gem Xair's Antique Weapon Shoppe.
 10919 | D:10     | Noticed a death yak
 10920 | D:10     | Noticed Josephine
 11200 | D:9      | Reached skill level 5 in Shields
 11636 | D:10     | Found a staircase to the Orcish Mines.
 11636 | D:10     | Noticed Gastronok
 11659 | D:10     | Killed Gastronok
 11660 | D:10     | Reached skill level 11 in Throwing
 11763 | D:9      | Killed Josephine
 11764 | D:9      | Reached skill level 12 in Throwing
 11950 | D:10     | Noticed Joseph
 11952 | D:10     | Noticed a death yak
 11964 | D:10     | Noticed a death yak
 12353 | D:9      | Killed a death yak
 12464 | D:9      | HP: 3/115 [death yak (14)]
 12465 | D:9      | Killed a death yak
 12466 | D:9      | Reached XP level 12. HP: 3/83 MP: 12/12
 12848 | D:10     | Found a staircase to the Lair.
 13204 | D:10     | Reached skill level 13 in Throwing
 13358 | D:10     | Killed Joseph
 13609 | D:10     | Noticed a two-headed ogre
 13621 | D:10     | Killed a two-headed ogre
 13770 | D:10     | Found a snail-covered altar of Cheibriados.
 14330 | D:11     | Noticed an eight-headed hydra
 14339 | D:11     | Killed an eight-headed hydra
 14853 | D:11     | Reached skill level 5 in Fighting
 14873 | D:11     | Noticed Nergalle
 14883 | D:11     | Killed Nergalle
 14884 | D:11     | Reached skill level 14 in Throwing
 15375 | D:11     | Received a gift from Trog
 15585 | Lair:1   | Entered Level 1 of the Lair of Beasts
 16129 | Lair:1   | Noticed a six-headed hydra
 16134 | Lair:1   | Killed a six-headed hydra
 16135 | Lair:1   | Reached skill level 10 in Staves
 16585 | Lair:2   | Noticed a death yak
 16588 | Lair:2   | Noticed a death yak
 16591 | Lair:2   | Noticed a death yak
 16596 | Lair:2   | Killed a death yak
 16597 | Lair:2   | Reached XP level 13. HP: 96/96 MP: 13/13
 16965 | Lair:2   | Got a warped cloak
 17254 | Lair:3   | Reached skill level 15 in Throwing
 17285 | Lair:3   | Noticed Prince Ribbit
 17292 | Lair:3   | Killed Prince Ribbit
 17598 | Lair:3   | Found a staircase to the Shoals.
 18029 | Lair:3   | Got an encrusted kite shield
 18040 | Lair:3   | Identified the +0 cloak of Zymarph {SInv} (You found it on
                  | level 2 of the Lair of Beasts)
 18060 | Lair:3   | Identified the +0 kite shield of the Depths {rF+} (You
                  | found it on level 3 of the Lair of Beasts)
 18741 | Lair:3   | Found a hole to the Spider Nest.
 18848 | Lair:3   | Received a gift from Trog
 19191 | Lair:4   | Reached skill level 1 in Evocations
 20552 | Lair:5   | Reached XP level 14. HP: 102/108 MP: 14/14
 21122 | Lair:5   | Reached skill level 5 in Evocations
 21467 | Lair:6   | Entered Level 6 of the Lair of Beasts
 22330 | Lair:6   | Reached skill level 5 in Armour
 24119 | Lair:6   | Found a staircase to the Slime Pits.
 24995 | Orc:1    | Entered Level 1 of the Orcish Mines
 25120 | Orc:2    | Entered Level 2 of the Orcish Mines
 25129 | Orc:2    | Reached XP level 15. HP: 82/99 MP: 15/15
 25141 | Orc:2    | Reached ****** piety under Trog
 25273 | Orc:1    | Received a gift from Trog
 25534 | Orc:1    | Found a roughly hewn altar of Beogh.
 26203 | Orc:1    | Received a gift from Trog
 26927 | Orc:2    | Found Ysustus's Assorted Antiques.
 26927 | Orc:2    | Found Dott's Armour Shop.
 26927 | Orc:2    | Found Nouleol's Distillery.
 26936 | Orc:2    | Found Xipsikk's Armour Boutique.
 26971 | Orc:2    | Found a staircase to the Elven Halls.
 27495 | Orc:2    | Bought the +6 plate armour of the Echidna {rElec rC++} for
                  | 1183 gold pieces
 27497 | Orc:2    | Bought a potion of heal wounds for 75 gold pieces
 27497 | Orc:2    | Bought a potion of curing for 45 gold pieces
 27497 | Orc:2    | Bought a potion of haste for 150 gold pieces
 27497 | Orc:2    | Bought a potion of might for 60 gold pieces
 27497 | Orc:2    | Bought a potion of haste for 150 gold pieces
 28086 | D:12     | Received a gift from Trog
 28646 | D:13     | Noticed Erolcha
 28653 | D:13     | Killed Erolcha
 28829 | D:13     | You fall into a shaft and drop 2 floors!
 28829 | D:15     | Entered Level 15 of the Dungeon
 29273 | D:15     | Reached skill level 10 in Fighting
 29348 | D:15     | Found a staircase to the Depths.
 29495 | D:14     | Found a gate to the Vaults.
 29807 | D:14     | Found a blossoming altar of Fedhas.
 29914 | D:13     | Received a gift from Trog
 30250 | D:13     | Reached XP level 16. HP: 126/126 MP: 16/16
 30476 | D:13     | Found a white marble altar of Elyvilon.
 32025 | Shoals:1 | Entered Level 1 of the Shoals
 33103 | Shoals:2 | Noticed Donald
 33113 | Shoals:2 | Killed Donald
 33693 | Shoals:2 | Noticed a kraken
 33709 | Shoals:2 | Demolished by a kraken

Illustrated notes

Levels and vault maps discovered:
D:1:      lemuel_arrival_tunnels, layout_rooms, serial_aquarium,
          aquarium_bridge_long_joined [aquarium_subvault_window,
          aquarium_subvault_balcony, aquarium_subvault_balcony,
          aquarium_subvault_window, aquarium_subvault_bridge,
          aquarium_subvault_wall], aquarium_bridge_straight
          [aquarium_subvault_bridge, aquarium_subvault_balcony,
          aquarium_subvault_bridge, aquarium_subvault_wall], aquarium_window_2,
          aquarium_window_fake, aquarium_view_2e, aquarium_view_2e
D:2:      layout_loops_cross, grunt_ministairs_14, minmay_lizard_king,
          uniq_jessica, uniq_natasha
D:3:      layout_rooms, lemuel_round_altar, gup_sewer_entry_bowl,
          chequers_ecumenical_altar_twisty
D:4:      layout_gridville, trog_book
D:5:      layout_cave_pods, grunt_temple_overflow_open, uniq_eustachio,
          uniq_edmund, uniq_crazy_yiuf_cottage
D:6:      layout_loops_cross, minmay_temple_entry_grid, serial_shops,
          nicolae_shop_behind_doors, nicolae_shop_trees, shop_fountains,
          shop_fountains, enter_ossuary_4, uniq_maggie
D:7:      layout_rooms, minmay_manual_mess, uniq_duvessa
D:8:      layout_cave_pods, lemuel_coloured_pillars_altar,
          trog_three_pillars_becter, uniq_erica, uniq_pikel, uniq_grum
D:9:      layout_long_grid, minmay_protected_statue
D:10:     layout_rooms, dpeg_lair_monsters, david_orc_3, serial_shops, shop,
          basic_altar, uniq_gastronok, uniq_josephine, uniq_joseph
D:11:     layout_layer_cave, uniq_nergalle
D:12:     layout_basic, the_bakery
D:13:     layout_basic, elyvilon_altar_4, uniq_erolcha
D:14:     layout_loops_ring, skrybe_vaults_entry_preservation,
          lemuel_doored_altar
D:15:     grunt_enter_depths_hoard, layout_cross, dk_noncrumbling_4,
          serial_column_ruins, column_ruins_corridor_straight,
          column_ruins_grid_1, column_ruins_columns_dead_end, minivault_24
Lair:1:   layout_hall_layers, st_stairs_4, lemuel_fruit_fields,
          infiniplex_staircase_pool
Lair:2:   layout_concentric_octagons, lemuel_fruit_fields, lemuel_fruit_tree,
          grunt_megastairs_3
Lair:3:   layout_gridlike, minmay_shoals_entry_beasts,
          spider_nest_entry_funnel_web, eino_house_with_fridge,
          grunt_megastairs_5, lemuel_fruit_fields, minmay_lair_oklob_chamber,
          uniq_prince_ribbit2
Lair:4:   layout_small_grid
Lair:5:   layout_misc_corridors
Lair:6:   guppyfry_lair_end_dragon, layout_concentric_octagons,
          nicolae_slime_entry_slimehenge, serial_bayou_pond_a,
          chequers_serial_rivers_large_b, serial_bayou_lake_a
Shoals:1: layout_shoals
Shoals:2: layout_shoals, uniq_donald
Orc:1:    layout_diamond_mine, mines1_david, uniq_urug
Orc:2:    st_orc_mages, layout_caves

Skill      XL: |  1  2  3  4  5  6  7  8  9 10 11 12 13 14 15 16 |
---------------+-------------------------------------------------+-----
Dodging        | 3 4 7 9 10 11 12 | 12.0
Polearms       | 5 6 8 10 11 12 14 | 14.3
Fighting       | 4 7 9 11 12 | 12.9
Armour         | 2 3 6 |  6.0
Throwing       | 2 4 6 9 12 14 15 | 15.1
Staves         | 1 3 5 6 8 10 11 | 11.6
Shields        | 4 5 7 9 |  9.0
Evocations     | 3 7 9 |  9.0

Action                   |  1- 3 |  4- 6 |  7- 9 | 10-12 | 13-15 | 16-18 || total
-------------------------+-------+-------+-------+-------+-------+-------++-------
Melee: Spear             |    96 |   267 |   656 |   930 |       |       ||  1949
       Tailslap          |       |     7 |       |       |    12 |    15 ||    34
       Unarmed           |       |       |     1 |       |       |       ||     1
       Trident           |       |       |       |   126 |  1267 |   235 ||  1628
Throw: Dart              |       |     5 |    24 |    75 |       |       ||   104
       Boomerang         |       |       |       |    64 |   336 |   101 ||   501
       Javelin           |       |       |       |       |     3 |       ||     3
Invok: Berserk           |     1 |     5 |    12 |    20 |    22 |     3 ||    63
       Trog's Hand       |       |     1 |     2 |     1 |       |       ||     4
       Brothers in Arms  |       |       |     1 |       |     1 |     1 ||     3
 Abil: Evoke Invisibilit |       |       |       |       |     1 |       ||     1
Evoke: Wand              |       |       |       |       |     4 |       ||     4
       Phial of floods   |       |       |       |       |     1 |       ||     1
  Use: Scroll            |       |     8 |    12 |    14 |     8 |     2 ||    44
       Potion            |       |       |     5 |       |       |     2 ||     7
 Stab: Invisible         |       |       |     1 |       |     2 |       ||     3
       Sleeping          |       |       |       |       |     1 |       ||     1
Armor: Ring mail         |    10 |    56 |    38 |       |       |       ||   104
       Animal skin       |     1 |       |       |       |       |       ||     1
       Quicksilver drago |       |       |   104 |   241 |   193 |       ||   538
       Skin              |       |       |    65 |       |       |       ||    65
       Plate armour      |       |       |       |       |   150 |    91 ||   241
Dodge: Dodged            |    34 |    91 |   314 |   465 |   417 |    78 ||  1399
Block: Kite shield       |       |       |   126 |   404 |   492 |    99 ||  1121

Table legend: (Time is in decaauts)
 A = Elapsed time spent in this place.
 B = Non-inter-level travel time spent in this place.
 C = Inter-level travel time spent in this place.
 D = Time resting spent in this place.
 E = Time spent auto-exploring this place.
 F = Levels seen in this place.
 G = Mean time per level.
                   A        B        C        D        E       F      G
               +--------+--------+--------+--------+--------+-----+--------+
         Total |  32926 |  31304 |   1622 |   9192 |  16544 |  27 | 1219.5 |
       Dungeon |  19342 |  18404 |    938 |   4775 |  10023 |  15 | 1289.5 |
          Lair |   9186 |   8585 |    601 |   3164 |   4211 |   6 | 1531.0 |
        Shoals |   1429 |   1422 |      7 |     31 |   1189 |   2 |  714.5 |
  Orcish Mines |   2524 |   2448 |     76 |   1156 |    892 |   2 | 1262.0 |
         Sewer |    136 |    136 |      0 |      0 |     82 |   1 |  136.0 |
       Ossuary |    308 |    308 |      0 |     64 |    145 |   1 |  308.0 |
               +--------+--------+--------+--------+--------+-----+--------+

Top non-repeatable levels by time:
     D:9: 3191 daAuts
  Lair:6: 2172 daAuts
     D:8: 2080 daAuts
  Lair:3: 1932 daAuts
  Lair:5: 1920 daAuts
   Orc:1: 1609 daAuts
     D:5: 1457 daAuts
  Lair:4: 1378 daAuts
     D:7: 1339 daAuts
    D:11: 1332 daAuts
     D:6: 1260 daAuts
    D:10: 1244 daAuts
  Lair:2: 1171 daAuts
    D:14: 1074 daAuts
    D:15: 1072 daAuts
